Unix NetHack Version 5.0.0-0 post-release - last build May 17 2026 04:57:42 (dc50c8380fa5e20985bfe3072449f57b8d9895ef,branch:main).

Game began 2026-05-21 03:16:00, ended 2026-05-21 03:46:57.

CyberFan, neutral female human Valkyrie

                                                       ..-
                                                      ....-     |..
                                                      -....|  ---...
                                                      |....----......
                                                  -----.........^....-
                                                 .......--.----..S@..-
                                        ........ .....*....|  ........
                                       ...............------  -......-
                                      ................--------|......|--#-
                                      ...................--..--......--*[|
                                      ......%)....................|...%*>--
                                       |..........................--......--
                                        -.--...........--.---...... -----..---
                                         .............----- |.....|     |....|
                                          -------..                     --...|
                                                 -                       --..|
                                                                          ----

CyberFan the Fighter        St:18/01 Dx:13 Co:15 In:9 Wi:9 Ch:8  Neutral
Dlvl:7  $:218 HP:0(50) Pw:18(18) AC:0  Xp:6/527 T:2830 

Latest messages:
 You bash Grisaothu of Athosai-bane.
 Grisaothu of Athosai-bane thrusts his orcish short sword.
 Grisaothu of Athosai-bane misses!
 You bash Grisaothu of Athosai-bane.
 Grisaothu of Athosai-bane thrusts his orcish short sword.
 Grisaothu of Athosai-bane hits!
 You bash Grisaothu of Athosai-bane.
 Grisaothu of Athosai-bane picks up an orcish chain mail.
 You climb up the stairs.
 You kill the gnome!
 You hear crashing rock.
 You kill the gnome!
 You kill the gnome!
 M - a green gem.
 N - a black gem.
 The gnome misses!
 You kill the gnome!
 The dwarf swings his pick-axe.
 The dwarf hits!
 You miss the dwarf.
 You bash the dwarf.
 You bash the dwarf.
 You bash the dwarf.
 You kill the dwarf!
 $ - 24 gold pieces (218 in total).
 There are several more objects here.
 You bash the gnome.
 You kill the gnome!
 There is a dwarf corpse here; eat it? [ynq] (n)
 This dwarf corpse is stringy.
 A knife misses you.
 You stop eating the dwarf corpse.
 The Mordor orc wields a scimitar!
 You bash the Mordor orc.
 You bash the Mordor orc.
 The Mordor orc swings his scimitar.
 The Mordor orc hits!
 You bash the Mordor orc.
 The Mordor orc swings his scimitar.
 The Mordor orc hits!
 A trap door in the ceiling opens and a rock falls on your head!
 Fortunately, you are wearing a hard helmet.
 A cloud of gas puts you to sleep!
 The snake bites!
 The snake bites!
 The snake's bite was poisoned!
 You wake up.
 The snake suddenly falls asleep!
 The snake bites!
 You die...

Inventory:
 Coins    ('$')
  $ - 218 gold pieces
 Weapons  (')')
  b - an uncursed +0 dagger (alternate weapon; not wielded)
  a - a blessed +1 spear
  L - an uncursed +0 dwarvish mattock
 Armor    ('[')
  z - an uncursed +0 dwarvish iron helm (being worn)
  A - an uncursed +0 pair of iron shoes (being worn)
  c - an uncursed +3 small shield (wielded)
  B - an uncursed +0 dwarvish cloak (being worn)
  C - an uncursed +0 dwarvish mithril-coat (being worn)
 Comestibles  ('%')
  d - 2 uncursed food rations
  F - 2 uncursed tripe rations
  G - 2 uncursed eggs
  s - an uncursed lichen corpse
 Scrolls  ('?')
  x - a blessed scroll of confuse monster
  E - an uncursed scroll of destroy armor
  j - an uncursed scroll of gold detection
  l - an uncursed scroll of identify
  n - 2 uncursed scrolls of scare monster
 Potions  ('!')
  v - an uncursed potion of enlightenment
  p - an uncursed potion of gain ability
  i - an uncursed potion of hallucination
  k - an uncursed potion of healing
  g - an uncursed potion of monster detection
  h - a potion of unholy water
 Wands    ('/')
  u - an uncursed wand of opening (0:3)
  I - an uncursed wand of teleportation (0:4)
 Tools    ('(')
  J - an uncursed brass lantern (lit)
  f - an uncursed leash
  q - an uncursed towel
 Gems/Stones  ('*')
  y - an uncursed jet stone
  N - an uncursed worthless piece of black glass
  M - an uncursed worthless piece of green glass
  D - an uncursed worthless piece of red glass
  H - an uncursed worthless piece of violet glass

CyberFan the Valkyrie's attributes:

Background:
 You were a Fighter, a level 6 human Valkyrie.
 You were neutral, nominally on a mission for Odin
 who was opposed by Tyr (lawful) and Loki (chaotic).
 You were right-handed.
 You were in the Gnomish Mines, on level 7.
 You entered the dungeon 2830 turns ago.
 It was nighttime.
 You had 527 experience points, 113 more were needed to attain level 7.

Basics:
 You had 0 out of 50 hit points.
 You had all 18 energy points (spell power).
 Your armor class was 0.
 Your wallet contained 218 zorkmids.
 Autopickup was on for '$%?!"=/*', with exceptions.

Final Characteristics:
 Your strength was 18/01 (limit:18/100).
 Your dexterity was 13 (limit:18).
 Your constitution was 15 (peak:16, limit:18).
 Your intelligence was 9 (limit:18).
 Your wisdom was 9 (limit:18).
 Your charisma was 8 (limit:18).

Final Status:
 You weren't hungry.
 You were unencumbered.
 You were wielding some armor.

Final Attributes:
 You were piously aligned.
 Your items were somewhat protected from fire.
 You were cold resistant.
 Your items were somewhat protected from cold.
 You were telepathic.
 You were stealthy.
 You were guarded.
 You are dead.

Miscellaneous:
 You disabled loading and storing of bones levels.
 Total elapsed playing time was 30 minutes and 53 seconds.

Major events:
 Turn
    1: CyberFan the neutral human Valkyrie entered the dungeon
 1050: attained the rank of Skirmisher (level 3)
 1574: entered the Gnomish Mines
 2456: reached Mine Town
 2495: attained the rank of Fighter (level 6)
 2830: killed by a snake

You didn't know any spells.

Skills:
 Fighting Skills
   bare handed combat [Unskilled]
   two weapon combat  [Unskilled]
   riding             [Unskilled]
 Weapon Skills
   dagger             [Basic]
   axe                [Unskilled]
   pick-axe           [Unskilled]
   short sword        [Unskilled]
   broadsword         [Unskilled]
   long sword         [Unskilled]
   two-handed sword   [Unskilled]
   saber              [Unskilled]
   hammer             [Unskilled]
   quarterstaff       [Unskilled]
   polearms           [Unskilled]
   spear              [Skilled]
   trident            [Unskilled]
   lance              [Unskilled]
   sling              [Unskilled]
 Spellcasting Skills
   attack spells      [Unskilled]
   escape spells      [Unskilled]

Voluntary challenges:
 Character rerolling was not enabled.
 You were an atheist.
 You never genocided any monsters.
 You never polymorphed an object.
 You never changed form.
 You used no wishes.
Achievements:
 You entered a shop.
 You attained the rank of Skirmisher.
 You entered the Gnomish Mines.
 You entered Minetown.
 You attained the rank of Fighter.

 The Dungeons of Doom: levels 1 to 6
    Level 1:
    Level 2:
    Level 3:
       A general store, a grave.
    Level 4:
       Stairs down to The Gnomish Mines.
    Level 5:
    Level 6:
 The Gnomish Mines: levels 5 to 8
    Level 5:
    Level 7: <- You were here.
       Final resting place for
          you, killed by a snake.
    Level 8:
       A fountain.


Vanquished creatures:
 an orc-captain
  a yellow light
  3 gnome leaders
  a kobold mummy
  4 elf zombies
  a ghoul
  a floating eye
  6 dwarves
  a homunculus
  a kobold shaman
  7 hill orcs
  3 orc zombies
  a werejackal
 an acid blob
  2 coyotes
  a hobbit
  a giant rat
  a cave spider
 19 gnomes
  2 garter snakes
  3 geckos
  5 jackals
  a fox
  a kobold
  a goblin
  5 grid bugs
  a bat
  4 lichens
  a kobold zombie
  3 newts
83 creatures vanquished.

No species were genocided or became extinct.

Game over:
                       ----------
                      /          \
                     /    REST    \
                    /      IN      \
                   /     PEACE      \
                  /                  \
                  |     CyberFan     |
                  |      218 Au      |
                  |   killed by a    |
                  |      snake       |
                  |                  |
                  |                  |
                  |       2026       |
                 *|     *  *  *      | *
        _________)/\\_//(\/(/\)/\//\/|_)_______

Farvel CyberFan the Valkyrie...

You died in The Gnomish Mines on dungeon level 7 with 2655 points,
and 218 pieces of gold, after 2830 moves.
You were level 6 with a maximum of 50 hit points when you died.

